Cogmind - Beta 15 @@@ ROGUE MODE // 2025.08.15 @ 04:40:44 Player: Peregrine Result: Self-destructed Performance ------------- Evolutions (2) 1000 Regions Visited (4) 800 Robots Destroyed (53) 265 Value Destroyed (1112) 1112 Prototype IDs (2) 40 Alien Tech Used (0) 0 Bonus (44) 44 TOTAL SCORE: 3261 Bonus ------- High Alert Combat Kills 44 Cogmind --------- Core Integrity 19/550 Matter 87/300 Energy 115/125 System Corruption 0% Temperature Cool (44) Movement Core (100) Ox1 Location -8/Materials Parts ------- > --- POWER (1) -------- Light Ion Engine > --- PROPULSION (4) --- (None) > --- UTILITY (4) ------ Improved Signal Interpreter Light Armor Plating > --- WEAPON (2) ------- (None) > --- INVENTORY (5) ---- Light Ion Engine Peak State ------------ > --- POWER ------------ Light Ion Engine > --- PROPULSION ------- Wheel Compact Wheel Armored Wheel > --- UTILITY ---------- Small Storage Unit Improved Signal Interpreter Reactive Plating Hardlight Generator > --- WEAPON ----------- Improved Light Cannon Axe > --- INVENTORY -------- Light Ion Engine Light Ion Engine Improved EM Shotgun Improved Light Cannon Mini Grenade Launcher Axe [Rating: 21] Favorites ----------- Power Light Ion Engine Engine Light Ion Engine Propulsion Aluminum Leg Leg Aluminum Leg Wheel Compact Wheel Flight Unit Improved Flight Unit Utility Small Storage Unit Device Hardlight Generator Storage Small Storage Unit Processor Targeting Computer Protection Reactive Plating Weapon Light Assault Rifle Energy Gun Improved EM Shotgun Ballistic Gun Light Assault Rifle Ballistic Cannon Improved Light Cannon Launcher Mini Grenade Launcher Slashing Weapon Axe Build | -11 -10 -10 -9 -8 ------- Run | Yrd Mat Min Mat Mat Slots Evolved 4 | . . . 2 2 Power . | . . . . . Propulsion 2 | . . . . 2 Utility 2 | . . . 2 . Weapon . | . . . . . Parts Attached 22 | . . 1 14 7 Power 3 | . . . 2 1 Engine 3 | . . . 2 1 Core . | . . . . . Reactor . | . . . . . Propulsion 5 | . . . 3 2 Treads . | . . . . . Leg 1 | . . . . 1 Wheel 3 | . . . 2 1 Hover . | . . . . . Flight 1 | . . . 1 . Utility 6 | . . 1 3 2 Device 2 | . . . 2 . Storage . | . . . . . Processor 2 | . . 1 1 . Hackware . | . . . . . Protection 2 | . . . . 2 Artifact . | . . . . . Weapon 8 | . . . 6 2 Energy Gun 3 | . . . 2 1 Energy Cannon . | . . . . . Ballistic Gun . | . . . . . Ballistic Cannon 2 | . . . 2 . Launcher 1 | . . . 1 . Special Weapon . | . . . . . Impact Weapon . | . . . . . Slashing Weapon 2 | . . . 1 1 Piercing Weapon . | . . . . . Special Melee Weapon . | . . . . . Unidentified Prototypes 2 | . . . 2 . Parts Lost 21 | . . . 6 15 Power 3 | . . . 2 1 Propulsion 6 | . . . 2 4 Utility 4 | . . . 1 3 Weapon 8 | . . . 1 7 Highest Loss Streak 15 | . . . 3 15 To Critical Strikes . | . . . . . Average Backups 5 | 6 6 5 5 5 Power 1 | 1 1 1 . 1 Propulsion 1 | 4 4 2 . . Utility . | . . . . . Weapon 2 | 1 1 1 3 3 Tool/Special . | . . . . . Unused Backups 17 | . 6 2 7 2 Power 4 | . 1 . 2 1 Propulsion 6 | . 2 2 2 . Utility 2 | . 1 . . 1 Weapon 5 | . 2 . 3 . Tool/Special . | . . . . . Average Slot Usage (%) 86 | . 85 97 91 65 Engine 9 | . 14 14 8 5 Leg 10 | . 28 28 4 . Wheel 11 | . . . 15 14 Device 6 | . . . 10 4 Storage 11 | . 14 14 11 8 Processor 13 | . . 11 19 9 Energy Gun 4 | . . . 8 . Ballistic Gun 13 | . 28 28 10 . Ballistic Cannon 2 | . . . . 12 Peak Build Rating 21 | 6 6 7 20 21 Average Rating 12 | 6 6 6 14 14 On Entrance 8 | 6 6 6 7 16 Naked Turns . | . . . . . Heaviest Build 31 | 11 11 11 21 31 Greatest Support 38 | 20 20 20 26 38 Greatest Overweight (x) 3 | . . . 2 3 Average Overweight (x) . | . . . . . Largest Inventory Capacity 8 | 8 8 8 8 8 Average Capacity 7 | 8 8 8 8 7 Most Carried 8 | 6 6 7 8 7 Average Carried 5 | 6 6 4 5 5 Final Capacity 8 | 8 8 8 8 5 Final Carried 6 | 6 6 5 6 1 Class Distribution -------------------- 100% | Mutant Dominant Class ---------------- Mutant | -10/Materials Mutant | -10/Mines Mutant | -9/Materials Mutant | -8/Materials Resources | -11 -10 -10 -9 -8 ----------- Run | Yrd Mat Min Mat Mat Matter Collected 710 | 186 . 104 303 117 Remotely . | . . . . . Salvage Created 1277 | . 200 40 634 403 Parts 97 | . 14 7 45 31 Haulers Intercepted 2 | . . . 2 . Recyclers Shooed 5 | . . 1 2 2 Parts Field Recycled . | . . . . . Retrieved Matter . | . . . . . Parts Self-Destructed . | . . . . . Prevented . | . . . . . Kills | -11 -10 -10 -9 -8 ------- Run | Yrd Mat Min Mat Mat Combat Hostiles Destroyed 37 | . 5 2 17 13 Melee 2 | . . . . 2 Guns 22 | . 5 2 15 . Cannons 2 | . . . . 2 AOE 11 | . . . 2 9 Classes Destroyed 11 | . 3 1 4 3 Worker 3 | . . . . 3 Builder 2 | . . . . 2 Tunneler 2 | . . 1 . 1 Hauler 2 | . . . 2 . Recycler 3 | . 1 . . 2 Operator 2 | . . . 1 1 Watcher 2 | . . . 1 1 Swarmer 17 | . 2 2 7 6 Grunt 16 | . 3 . 9 4 Brawler 1 | . . . . 1 Sentry 3 | . . . 1 2 Best Kill Streak 17 | . 6 1 5 17 Combat Bots Only 8 | . 5 1 5 8 Max Kills in Single Turn 4 | . 1 1 2 4 Gunslinging 1 | . . . 1 . Exploded 3 | . . . 2 3 Melee 1 | . . . . 1 Uniques/NPCs Destroyed . | . . . . . Combat | -11 -10 -10 -9 -8 -------- Run | Yrd Mat Min Mat Mat Hostile Shots Fired 293 | . 26 5 107 155 Missed 86 | . 12 2 32 40 Hits 207 | . 14 3 75 115 Projectile 207 | . 14 3 75 115 Critical Strikes 7 | . . 1 1 5 Damage Taken 2634 | . 155 20 828 1631 Core 797 | . 53 7 206 531 Absorbed by Shields . | . . . . . Ignored by Resistances 69 | . . . . 69 Core Remaining (%) 74 | 100 . 76 48 . Volleys Fired 108 | . 16 8 58 26 Largest 2 | . 2 2 2 2 Hottest 90 | . 40 40 90 66 Shots Fired 195 | . 32 16 113 34 Gun 158 | . 32 16 106 4 Cannon 20 | . . . 4 16 Launcher 17 | . . . 3 14 Special . | . . . . . Kinetic 154 | . 32 16 90 16 Thermal 3 | . . . . 3 Explosive 17 | . . . 3 14 Electromagnetic 21 | . . . 20 1 Robot Hit Streak 10 | . 7 5 10 9 Robot Miss Streak 5 | . 3 2 5 3 Penetration Max . | . . . . . Secondary Targets 7 | . 4 . 3 . Max Gunslinging Chain 1 | . 1 . 1 . Shots Hit Robots 123 | . 21 9 67 26 Core Hits 87 | . 13 5 37 32 Critical Kills . | . . . . . Critical Parts Destroyed 3 | . 2 . 1 . Critical Strikes 5 | . 2 . 1 2 Destroy 3 | . 2 . 1 . Blast 1 | . . . . 1 Sever 1 | . . . . 1 Melee Attacks 8 | . . . 1 7 Impact . | . . . . . Slashing 8 | . . . 1 7 Piercing . | . . . . . Sneak Attacks . | . . . . . Combat Hostiles . | . . . . . Follow-up Attacks 1 | . . . . 1 Damage Inflicted 3228 | . 247 108 992 1881 Guns 1208 | . 247 108 801 52 Cannons 333 | . . . 64 269 Explosions 1487 | . . . 127 1360 Melee 200 | . . . . 200 Ramming . | . . . . . Kinetic 1223 | . 247 108 599 269 Thermal 29 | . . . . 29 Explosive 1487 | . . . 127 1360 Electromagnetic 289 | . . . 266 23 Impact . | . . . . . Slashing 200 | . . . . 200 Piercing . | . . . . . Highest Corruption . | . . . . . Average Corruption . | . . . . . Corruption Purged . | . . . . . Corruption Blocked . | . . . . . Overload Shots . | . . . . . Overflow Damage 65 | . . . . 65 Projectiles . | . . . . . Explosions 65 | . . . . 65 Melee . | . . . . . Knockbacks . | . . . . . Impact . | . . . . . Kinetic . | . . . . . Secondary . | . . . . . Self-Inflicted Damage 60 | . . . . 60 Shots 2 | . . . . 2 Rammed . | . . . . . Targets Rammed . | . . . . . Kicked . | . . . . . Crushed . | . . . . . Highest Temperature 81 | . 6 . 53 81 Average Temperature 16 | . 6 . 13 23 Received Heat Transfer 1134 | . 48 . 276 810 Siege Activations . | . . . . . Martial Activations . | . . . . . Shielding Activations . | . . . . . Robots Disrupted . | . . . . . Combat Hostiles . | . . . . . Robots Corrupted . | . . . . . Combat Hostiles . | . . . . . Parts Fried 1 | . . . 1 . Impact Corruptions . | . . . . . Robots Melted . | . . . . . Combat Hostiles . | . . . . . Parts Melted . | . . . . . Heat Transferred 74 | . . . . 74 Parts Sabotaged . | . . . . . Parts Stolen . | . . . . . Parts Stripped . | . . . . . Power Chain Reactions . | . . . . . Alert | -11 -10 -10 -9 -8 ------- Run | Yrd Mat Min Mat Mat Maximum Alert Level 2 | . . . 1 2 Low Security (%) 53 | 100 100 100 35 38 Level 1 41 | . . . 64 34 Level 2 5 | . . . . 26 Level 3 . | . . . . . Level 4 . | . . . . . Level 5 . | . . . . . High Security . | . . . . . Max Security . | . . . . . Peak Influence 440 | . 110 67 339 440 Initial 138 | . . 42 22 138 Average 188 | . 44 41 228 279 Influence Increases 1317 | . 140 85 620 472 Destroy 0b10 Robot/C 740 | . 100 40 340 260 Destroy 0b10 Robot/NC 80 | . 5 5 20 50 Destroy Leader 168 | . 20 10 76 62 Successful Hack 4 | . . . 4 . Select Force Hacks 30 | . . . 30 . Disable Machine 60 | . . . . 60 Destroy Structure 70 | . . . 30 40 Lose Combat Pursuer 165 | . 15 30 120 . Influence Decreases 947 | . 30 138 349 430 Entered New Map 293 | . . 68 35 190 Time Decay 444 | . 30 70 254 90 Lost Part 210 | . . . 60 150 Squads Dispatched 6 | . 1 . 3 2 Investigation 2 | . 1 . 1 . Extermination . | . . . . . Reinforcement 4 | . . . 2 2 Assault . | . . . . . Garrison . | . . . . . Intercept . | . . . . . Searches Triggered . | . . . . . Construction Impeded . | . . . . . Haulers Reinforced . | . . . . . Active Scanning Responses . | . . . . . Cargo Convoy Interrupts . | . . . . . Stealth | -11 -10 -10 -9 -8 --------- Run | Yrd Mat Min Mat Mat Distress Signals 8 | . 1 . 5 2 Communications Jammed . | . . . . . Distress Signals . | . . . . . Times Spotted 64 | . 8 3 30 23 Peak Tracking Total 11 | . 4 3 6 11 Tactical Retreats 7 | . 1 1 5 . Traps | -11 -10 -10 -9 -8 ------- Run | Yrd Mat Min Mat Mat Traps Triggered 2 | . 1 . 1 . Indirectly . | . . . . . Trap Hack Attempts . | . . . . . Triggered . | . . . . . Disarmed . | . . . . . Reprogrammed . | . . . . . Reused . | . . . . . Traps Extracted . | . . . . . Installed . | . . . . . Triggered . | . . . . . Machines | -11 -10 -10 -9 -8 ---------- Run | Yrd Mat Min Mat Mat Machines Disabled 4 | . . . . 4 Max in Single Turn 2 | . . . . 2 Machines Repaired . | . . . . . Machines Dismantled . | . . . . . Machines Sabotaged . | . . . . . Overloaded Fab Kills . | . . . . . Hacking | -11 -10 -10 -9 -8 --------- Run | Yrd Mat Min Mat Mat Machines Accessed 4 | . . . 4 . Terminals 2 | . . . 2 . Fabricators . | . . . . . Repair Stations 1 | . . . 1 . Recycling Units . | . . . . . Scanalyzers 1 | . . . 1 . Garrison Access . | . . . . . Total Hacks 6 | . . . 6 . Successful 3 | . . . 3 . Failed 3 | . . . 3 . Catastrophic . | . . . . . Database Lockouts . | . . . . . Manual 1 | . . . 1 . Terminals 3 | . . . 3 . Fabricators . | . . . . . Repair Stations 1 | . . . 1 . Recycling Units . | . . . . . Scanalyzers 2 | . . . 2 . Garrison Access . | . . . . . Terminal Hacks 2 | . . . 2 . Locate Traps 1 | . . . 1 . Zone Layout 1 | . . . 1 . Fabricator Hacks . | . . . . . Repair Station Hacks . | . . . . . Recycling Unit Hacks . | . . . . . Scanalyzer . | . . . . . Garrison Access Hacks . | . . . . . Unauthorized Hacks 1 | . . . 1 . Terminals . | . . . . . Fabricators . | . . . . . Repair Stations . | . . . . . Recycling Units . | . . . . . Scanalyzers 1 | . . . 1 . Extract 1 | . . . 1 . Garrison Access . | . . . . . Data Cores Recovered . | . . . . . Used . | . . . . . Hacking Detections 4 | . . . 4 . Full Trace Events . | . . . . . Feedback Events . | . . . . . Feedback Blocked . | . . . . . Robot Schematics Acquired . | . . . . . Robots Built . | . . . . . Authchips . | . . . . . Time . | . . . . . Total Robot Build Rating . | . . . . . Part Schematics Acquired 1 | . . . 1 . Parts Built . | . . . . . Authchips . | . . . . . Time . | . . . . . Total Part Build Rating . | . . . . . Parts Repaired . | . . . . . Time . | . . . . . Parts Recycled . | . . . . . Recycled Matter . | . . . . . Retrieved Matter . | . . . . . Retrieved Components . | . . . . . Parts Scanalyzed . | . . . . . Part Schematics Acquired . | . . . . . Parts Damaged . | . . . . . Bothacking | -11 -10 -10 -9 -8 ------------ Run | Yrd Mat Min Mat Mat Used RIF Installer . | . . . . . Robots Hacked . | . . . . . Non-combat . | . . . . . Combat . | . . . . . Robot Hacks Applied . | . . . . . Relay Couplers Released . | . . . . . Fabnet Peak Effective % . | . . . . . Robots Rewired . | . . . . . Allies Hacked . | . . . . . Hacks Repelled . | . . . . . Allies | -11 -10 -10 -9 -8 -------- Run | Yrd Mat Min Mat Mat Total Allies . | . . . . . Largest Group . | . . . . . Highest-Rated Group . | . . . . . Highest-Rated Ally . | . . . . . Total Orders . | . . . . . Ally Attacks . | . . . . . Total Damage . | . . . . . Kills . | . . . . . Allies Corrupted . | . . . . . Allies Melted . | . . . . . Intel | -11 -10 -10 -9 -8 ------- Run | Yrd Mat Min Mat Mat Active Infowar (turns) 289 | . . . 289 . Terrain 289 | . . . 289 . Robot Analysis Total . | . . . . . Derelict Logs Recovered . | . . . . . Drone Launches . | . . . . . Drone Recoveries . | . . . . . Exploration | -11 -10 -10 -9 -8 ------------- Run | Yrd Mat Min Mat Mat Turns Passed 1006 | 3 118 151 545 189 Spaces Moved 588 | 3 62 104 327 92 Core 12 | . . . 9 3 Treads . | . . . . . Legs 218 | 3 62 104 47 2 Wheels 358 | . . . 271 87 Hover . | . . . . . Flight . | . . . . . Fastest Speed 50 | 120 120 120 90 50 Average Speed 103 | 120 120 120 96 95 Slowest Speed 200 | 120 120 120 150 200 Overloaded Moves . | . . . . . Propulsion Burnouts . | . . . . . Robots Hopped . | . . . . . Potential Cave-ins . | . . . . . Cave-ins Triggered . | . . . . . Exploration Rate (%) 24 | 3 25 36 40 17 Regions Visited 4 Branch Regions 1 Pre-discovered Areas . | . . . . . Known Exits Taken 1 | . . . 1 . Unknown Exits Taken 3 | 1 1 1 . . Scrap Searched 1 | . . 1 . . Spaces Dug 1 | . . . 1 . Terrain Destroyed 77 | . . . 36 41 Melee 1 | . . . 1 . Projectile 1 | . . . . 1 AOE 75 | . . . 35 40 Terrain Rammed . | . . . . . Walls Destroyed . | . . . . . Machines Disabled . | . . . . . Actions | -11 -10 -10 -9 -8 --------- Run | Yrd Mat Min Mat Mat Total 791 | 2 77 117 450 145 Wait 31 | . . 1 30 . Move 584 | 2 61 103 326 92 Hop . | . . . . . Pick Up 21 | . . 2 14 5 Fast Attach . | . . . . . Attach 21 | . . 1 10 10 Detach 1 | . . . 1 . Swap 10 | . . . 5 5 Drop 8 | . . 2 5 1 Fire 108 | . 16 8 58 26 Melee 7 | . . . 1 6 Ram . | . . . . . Kick . | . . . . . Crush . | . . . . . Escape Stasis . | . . . . . Rewire . | . . . . . Trap . | . . . . . Miscellaneous . | . . . . . Route ------- -11/Scrapyard -10/Materials -10/Mines -9/Materials -8/Materials History --------- Turn | Location | Event 1 | -11/Scrapyard | Discovered new exit (range 0) 4 | -11/Scrapyard | Entered Materials 55 | -10/Materials | Discovered new exit (range 15) 122 | -10/Materials | Entered Mines 222 | -10/Mines | Discovered new exit (range 6) 273 | -10/Mines | Entered Materials 273 | -9/Materials | Evolved 2 slots: Utility x2 313 | -9/Materials | Build established: Mutant 420 | -9/Materials | Lost 3 parts (1p2n) 694 | -9/Materials | Discovered new exit (range 12) 756 | -9/Materials | Core integrity fell below 50% 788 | -9/Materials | Identified exit to Materials 818 | -9/Materials | Entered another Materials area 818 | -8/Materials | Evolved 2 slots: Propulsion x2 969 | -8/Materials | Destroyed 8 combat bots 981 | -8/Materials | Core integrity fell below 50% 993 | -8/Materials | Core integrity fell below 20% 1007 | -8/Materials | Self-destructed Last Messages --------------- 00994_ Axe destroyed. 00994_ K-01 Serf collects debris. 00994_ U-05 Engineer lays Concrete. 00995_ Acquired Particle Gun. 00995_ U-05 Engineer lays Concrete. 00996_ K-01 Serf collects debris. 00997_ U-05 Engineer lays Concrete. 00999_ K-01 Serf collects debris. 00999_ U-05 Engineer lays Concrete. 01000_ K-01 Serf collects debris. 01001_ U-05 Engineer lays Concrete. 01002_ K-01 Serf collects debris. 01003_ U-05 Engineer lays Concrete. 01004_ Aluminum Leg destroyed. 01005_ Acquired Lgt. Armor Plating. 01005_ U-05 Engineer lays Concrete. 01005_ K-01 Serf collects debris. 01006_ U-05 Engineer lays Concrete. 01006_ Particle Gun destroyed. 01006_ K-01 Serf collects debris. Map ----- +----------------------------------------------------+ | ?????????????????????????????????????????????????? | | ?????????????????????????????????????????????????? | | ?????????????????????????????????????????????????? | | ?????????????????????????????????????????????????? | | ?????????????????????????????????????????????????? | | ?????????????????????????????????????????????????? | | ??????????????????????######+#???????????????????? | | ???????????????????? #######????????????? | | ????????????????? ????????????? | | ???????????????? ?????????????? | | ???????????????? T #?????????????? | | ???????????????? #?????????????? | | ????????????????# #?????????????? | | ????????????????# #?????????????? | | ????????????????# #?????????????? | | ??????????????### #?????????????? | | ??????????????# #?????????????? | | ???????????#### ## ^ #?????????????? | | ???????????# """ #?????????????? | | ???????????# "Y #?????????????? | | ???????????# [ #?????????????? | | ???????????# # #?????????????? | | ???????????# ] * #?????????????? | | ?######+##?# != ##?????????????? | | ? ##### ## #####![ #??????????????? | | ru % @g% #??????????????? | | g gg ##########?????? | | !!! % # #?????? | | ????# !!! =% # #?????? | | ????# u !!! # #?????? | | ????# # #?????? | | ????# k % ; #?????? | | ????# # #?????? | | ????# # #?????? | | ????# # #?????? | | ????# # #?????? | | ??? k ##########?????? | | ?? !/ #??????????? | | ?? % !/ #??????????? | | ??? ! #??????????? | | ??? # #+############ #######+#####?????????? | | ????# # ???????????# #??# #?????????? | | ?????? ?# ???????????# #??# #?????????? | | ??????????#? ???????????# #??# ! #?????????? | | ???????????? ???????????# #??# !! #?????????? | | ?????????????????????????# #??# #?????????? | | ?????????????????????????# #??# #?????????? | | ?????????????????????????# ???# #?????????? | | ?????????????????????????# ???# #?????????? | | ?????????????????????????? ???# #?????????? | +----------------------------------------------------+ Best States ------------- Heat Dissipation 31 Energy Generation 10 Energy Capacity 250 Matter Stores 300 Matter Capacity 300 Sight Range 16 Terrain Scan Range 16 Terrain Scan Density 10 Armor Coverage 150 Resistance: KI 20 Evasion (%) 55 Targeting Accuracy 5 Item Schematics ----------------- Lgt. Ion Engine | -9/Materials | Extracted Robot Schematics ------------------ None Fabricated ------------ Nothing Repaired ---------- Nothing Alien Tech Used ----------------- None Achievements -------------- None Challenges ------------ None Game ------ Seed AssembledPersonalArticulator Manual? 0 Play Time 00:13:23 Cumulative 124.0 hours Start 2025.08.15 @ 04:30:07 End 2025.08.15 @ 04:40:44 Sessions 1 Manual Loads 0 Difficulty Rogue Special Mode None Game No. 155 Rogue 140 Adventurer 15 Explorer 0 Win Type - Total 4 Types 3/0/1/0/0/0/0/0/0/0 Lore% 39 Gallery% 61 Achievement% 57 Wizard Run 0 Options --------- Layout 0 ASCII 0 Keyboard 0 Movement Mouse Keybinds 0 Fullscreen 2 Font 36/Smallcaps Map View 76x50 Zoom Use 0% Tactical HUD 1 Map Filters NONE Filters NONE Steam 1 RUN: 86fbff10-8a62-415a-9382-32d7176d0440